 Dungeon Crawl Stone Soup version 0.30.0-30-g96aa6591b8 (webtiles) character file.

Game seed: 15047411163947503459

19186 cheesebisquit the Fighter (level 13, -1/106 HPs)
             Began as a Djinni Fire Elementalist on June 28, 2023.
             Was an Elder of Makhleb.
             Slain by Snorg (27 damage)
             ... on level 11 of the Dungeon.
             The game lasted 00:44:41 (13065 turns).

cheesebisquit the Fighter (DjFE)                   Turns: 13065, Time: 00:44:42

Health: -1/106     AC:  6    Str: 11    XL:     13   Next: 2%
Gold:   34         EV: 13    Int: 22    God:    Makhleb [****..] SH:  5 Dex: 22

rFire   + + .        F - +9 whip "Hefiv" {holy, Dex+3}
rCold   x . .        (no shield)
rNeg    . . .        u - +1 robe "Bebrace" {Rampage Str-2 Dex+5 Archmagi}
rPois   ∞            (no helmet)
rElec   +            E - +2 cloak
rCorr   .            (no gloves)
SInv    .            (boots unavailable)
Will    ++...        q - amulet of reflection
Stlth   ++           v - ring of willpower
HPRegen 0.37/turn    k - ring "Ruat" {rElec Str+6}
MPRegen 0.00/turn

%: reflection, rampage, archmagi, infuse magic (-2 HP)
@: forested, flying
A: sickness immunity, fire resistance 2, cold vulnerability 1, float, innate
caster, HP casting, extra vitality 1
a: Renounce Religion, Minor Destruction, Lesser Servant of Makhleb, Major
Destruction


You were on level 11 of the Dungeon.
You worshipped Makhleb.
Makhleb was greatly pleased with you.
You visited 2 branches of the dungeon, and saw 12 of its levels.

You collected 653 gold pieces.
You spent 619 gold pieces at shops.

Inventory:

Hand Weapons
 l - a +0 vampiric short sword
 F - the +9 whip "Hefiv" (weapon) {holy, Dex+3}
   (You found it on level 8 of the Dungeon)

   Dex:       It affects your dexterity (+3).
 H - the +8 quarterstaff "Ifeugee" {flame, rN+ Str-2 Dex+5 Stlth+}
   (You took it off an orc wizard on level 9 of the Dungeon)

   Str:       It affects your strength (-2).
   Dex:       It affects your dexterity (+5).
   rN:        It protects you from negative energy.
   Stlth:     It makes you more stealthy.
Missiles
 n - a throwing net
Armour
 j - a +3 leather armour of fire resistance
 u - the +1 robe "Bebrace" (worn) {Rampage Str-2 Dex+5 Archmagi}
   (You found it on level 3 of the Dungeon)

   Str:       It affects your strength (-2).
   Dex:       It affects your dexterity (+5).
   Rampage:   It bestows one free step when moving towards enemies.
   Archmagi:  It increases the power of your magical spells.
 y - a +0 leather armour of poison resistance
 E - a +2 cloak (worn)
 I - a +2 kite shield
 P - a +2 robe of the Archmagi
Jewellery
 f - a +5 ring of evasion
 k - the ring "Ruat" (right hand) {rElec Str+6}
   (You found it on level 8 of the Dungeon)

   [ring of strength]

   Str:       It affects your strength (+6).
   rElec:     It insulates you from electricity.
 o - a ring of fire
 q - an amulet of reflection (around neck)
 v - a ring of willpower (left hand)
Wands
 d - a wand of flame (7)
 p - a wand of paralysis (7)
 x - a wand of iceblast (11)
 L - a wand of polymorph (4)
 N - a wand of quicksilver (6)
 O - a wand of mindburst (7)
Scrolls
 b - a scroll of silence {unknown}
 c - 8 scrolls of enchant armour
 e - a scroll of teleportation
 i - 3 scrolls of fear
 m - 2 scrolls of poison
 r - a scroll of enchant weapon {unknown}
 t - 4 scrolls of vulnerability
 w - a scroll of fog {unknown}
 A - 3 scrolls of identify
 B - a scroll of immolation {unknown}
 D - a scroll of magic mapping
 K - 2 scrolls of blinking {unknown}
Potions
 a - 4 potions of resistance
 g - 2 potions of brilliance
 h - 2 potions of mutation
 s - a potion of invisibility {unknown}
 z - a potion of attraction {unknown}
 C - 2 potions of ambrosia
 G - a potion of haste {unknown}
 J - a potion of heal wounds
 M - 4 potions of curing


   Skills:
 + Level 14.4 Fighting
 - Level 2.1 Dodging
 - Level 1.5 Stealth
 + Level 11.6 Spellcasting


You knew the following spells:

 Your Spells              Type           Power      Damage    Failure   Level
a - Foxfire               Conj/Fire      100%       2x1d9     1%          1
b - Scorch                Fire           100%       2d9       1%          2
c - Volatile Blastmotes   Fire/Tloc      100%       2d18      1%          3
d - Inner Flame           Hex/Fire       77%        N/A       1%          3
e - Flame Wave            Conj/Fire      77%        2d17      1%          4
f - Beastly Appendage     Tmut           100%       N/A       1%          1
g - Searing Ray           Conj           100%       2d8       1%          2
h - Stone Arrow           Conj/Erth      100%       3d13      1%          3
i - Animate Dead          Necr           77%        N/A       1%          4
j - Summon Forest         Summ/Tloc      38%        N/A       1%          5
k - Arcjolt               Conj/Air       38%        1d48      1%          5
Your spell library was empty.

Dungeon Overview and Level Annotations

Branches:
Dungeon (11/15)            Temple (1/1) D:6            Lair (0/5) D:10
    Orc: D:9-12

Altars:
Ashenzari
Cheibriados
Dithmenos
Elyvilon
Fedhas
Gozag
Hepliaklqana
Makhleb
Nemelex Xobeh
Okawaru
Qazlal
Ru
Trog
Uskayaw
Wu Jian
Xom
Yredelemnul
Zin
The Shining One

Shops:
D:2 *   D:7 *   D:10 :!:=

Annotations:
D:11 Snorg


Innate Abilities, Weirdness & Mutations

You are immune to sickness and miasma.
You are immune to poison.
Your flesh is very heat resistant. (rF++)
You are vulnerable to cold. (rC-)
You float through the air rather than walking.
You learn spells naturally, not from books.
Your magical power is your life essence.
You have superior vitality. (+4 MHP)


Message History

You block Snorg's attack. Snorg claws you! Snorg claws you but does no damage.
Snorg misses you. Snorg claws you. Snorg closely misses you.
You can't see any enemies this would affect, really read the scroll of fear?
Okay, then.
You feel much better. Snorg closely misses you. Snorg barely misses you. x2
Casting: Stone Arrow (safe; 1% risk of failure)
Confirm with . or Enter, or press ? or * to list all spells.
You need more open space to fit a forest.
Unknown command.
Snorg attacks as you move away! Snorg bites you!! Snorg closely misses you.
You block Snorg's attack. Snorg barely misses you. You block Snorg's attack.
Snorg barely misses you.
Casting: Summon Forest (dangerous; 1% risk of failure)
Confirm with . or Enter, or press ? or * to list all spells.
You need more open space to fit a forest.
Casting: Summon Forest (dangerous; 1% risk of failure)
Confirm with . or Enter, or press ? or * to list all spells.
You need more open space to fit a forest.
Snorg attacks as you move away! You block Snorg's attack. Snorg misses you.
Snorg barely misses you. Snorg closely misses you. Snorg misses you.
Snorg claws you!
* * * LOW HITPOINT WARNING * * *
You feel much better. Snorg bites you. Snorg claws you but does no damage.
Snorg claws you. Snorg bites you!!
* * * LOW HITPOINT WARNING * * *
Snorg closely misses you. Snorg claws you.
* * * LOW HITPOINT WARNING * * *
You feel much better. Snorg bites you! Snorg closely misses you.
Snorg claws you.
* * * LOW HITPOINT WARNING * * *
Casting: Summon Forest (dangerous; 1% risk of failure)
Confirm with . or Enter, or press ? or * to list all spells.
You feel a surge of power!
A forested plane collides here with a resounding crunch!
Your dryad calls out to the forest.
The forest starts to sway and rumble!
* * * LOW HITPOINT WARNING * * *
Snorg bites you!!
You die...

♣+♣ ### ####♣.# #..
..#♣.# #.# #.♣#.##
#.####.#♣♣#.#..♣##
#...........RT@..#####
######.#♣#............
#.# ♣#.#♣.♣♣♣♣### #.#
♣.#♣.♣ #.# #.#♣.♣ #..
..##.# #### ###♣.# ♣.#
#.#


You could see Snorg (berserk, ally target) and a friendly dryad (summoned).

Vanquished Creatures
  Harold (D:9)
  A hydra (D:9)
  A boulder beetle (D:11)
  A tengu warrior (D:9)
  Pikel (D:6)
  A wizard (D:10)
  3 cyclopes
  A manticore (D:9)
  A gargoyle (D:10)
  A freezing wraith (D:9)
  An unseen horror (D:11)
  A meliai (D:9)
  A hornet (D:10)
  A slime creature (D:9)
  A vampire (D:11)
  A wyvern (D:6)
  A shadow (D:10)
  13 yaks
  2 steam dragons (D:9)
  7 vampire mosquitoes
  Menkaure (D:5)
  2 wargs (D:10)
  2 acid dragons (D:9)
  7 water moccasins
  5 large abominations (D:10)
  5 orc warriors
  2 ice beasts
  2 black bears
  An ogre (D:5)
  A sky beast (D:7)
  6 centaurs
  3 lemures (D:6)
  A kobold brigand (D:10)
  A gnoll sergeant (D:9)
  5 bullfrogs
  A water moccasin zombie (D:7)
  A cyclops zombie (D:7)
  3 scorpions
  7 small abominations (D:10)
  6 wights
  A yak zombie (D:8)
  3 electric eels (D:10)
  2 vampire bats (D:5)
  5 howler monkeys
  8 orc priests
  4 jellies
  5 hounds
  Crazy Yiuf (D:7)
  3 gnoll boudas
  A sleepcap (D:5)
  9 iguanas
  12 orc wizards
  2 howler monkey zombies (D:8)
  4 adders
  15 gnolls
  2 white imps
  3 ufetubi
  2 worms
  3 dart slugs
  41 orcs
  3 ball pythons
  3 bats
  3 bat skeletons (D:5)
  4 bat zombies (D:5)
  5 endoplasms
  3 giant cockroaches
  6 goblins
  4 hobgoblins
  11 jackals (D:4)
  2 quokkas (D:1)
  4 frilled lizards
  5 kobolds
  3 orc zombies (D:6)
  5 rats
290 creatures vanquished.

Vanquished Creatures (collateral kills)
  A boulder beetle (D:11)
  A cyclops (D:11)
  An ugly thing (D:9)
  Psyche (D:11)
  Prince Ribbit (D:9)
  A spriggan (shapeshifter) (D:9)
  2 yaks (D:9)
  A wight (D:7)
  An orc priest (D:10)
  2 orc wizards (D:10)
  2 orcs (D:10)
  A kobold (D:8)
15 creatures vanquished.

Vanquished Creatures (others)
  A meliai zombie (D:9)
  A slime creature zombie (D:9)
  A warg zombie (D:10)
  A centaur zombie (D:9)
  A black bear zombie (D:8)
  2 gnoll zombies
  10 orc zombies
  516 foxfires
  A snaplasher vine (D:11)
534 creatures vanquished.

Grand Total: 839 creatures vanquished

Notes
Turn   | Place    | Note
-------+----------+-------------------------------------------
     0 | D:1      | cheesebisquit the Djinni Fire Elementalist began the quest
                  | for the Orb.
     0 | D:1      | cheesebisquit set off with the following spells memorised:
                  | Foxfire, Scorch, Volatile Blastmotes, Inner Flame, Flame
                  | Wave.
     0 | D:1      | Reached XP level 1. HP: 15/15 MP: 0/0
   214 | D:1      | Reached XP level 2. HP: 20/22 MP: 0/0
   216 | D:1      | Reached skill level 1 in Fighting
   799 | D:1      | Found a faded altar of an unknown god.
  1034 | D:2      | Reached XP level 3. HP: 26/27 MP: 0/0
  1034 | D:2      | Learned a level 1 spell: Beastly Appendage
  1463 | D:2      | Found Koudd's Assorted Antiques.
  1488 | D:2      | Reached skill level 2 in Fighting
  1633 | D:3      | Reached XP level 4. HP: 28/33 MP: 0/0
  1689 | D:2      | Bought a golden ring for 120 gold pieces
  2108 | D:3      | Reached skill level 3 in Fighting
  2108 | D:3      | Reached XP level 5. HP: 34/40 MP: 0/0
  2108 | D:3      | Learned a level 2 spell: Searing Ray
  2261 | D:3      | Identified the +1 robe "Bebrace" {Rampage Str-2 Dex+5
                  | Archmagi}
  2497 | D:4      | Reached XP level 6. HP: 41/46 MP: 0/0
  2621 | D:4      | Reached skill level 4 in Fighting
  2699 | D:2      | Bought a granite ring for 120 gold pieces
  2825 | D:4      | Found a blossoming altar of Fedhas.
  3189 | D:5      | Entered Level 5 of the Dungeon
  3269 | D:5      | Reached XP level 7. HP: 44/53 MP: 0/0
  3269 | D:5      | Learned a level 3 spell: Stone Arrow
  3510 | D:2      | Bought a scroll labelled KITHOU GEDEK for 24 gold pieces
  3597 | D:5      | Reached skill level 5 in Fighting
  3864 | D:5      | Reached skill level 5 in Spellcasting
  3898 | D:5      | Reached XP level 8. HP: 56/61 MP: 0/0
  4035 | D:2      | Bought a scroll labelled KITHOU GEDEK for 24 gold pieces
  4164 | D:5      | Reached skill level 6 in Fighting
  4630 | D:5      | Noticed Menkaure
  4635 | D:5      | Killed Menkaure
  4915 | D:6      | Found a staircase to the Ecumenical Temple.
  4929 | Temple   | Entered the Ecumenical Temple
  5283 | D:6      | Reached skill level 7 in Fighting
  5497 | D:6      | Found a burning altar of Makhleb.
  5506 | D:6      | Became a worshipper of Makhleb the Destroyer
  5674 | D:6      | Reached XP level 9. HP: 63/68 MP: 0/0
  5674 | D:6      | Learned a level 4 spell: Animate Dead
  5788 | D:6      | Found a snail-covered altar of Cheibriados.
  5803 | D:6      | Noticed Pikel
  5806 | D:6      | Killed Pikel
  5807 | D:6      | Reached skill level 8 in Fighting
  6236 | D:7      | Reached * piety under Makhleb
  6300 | D:7      | Reached skill level 9 in Fighting
  6351 | D:7      | Reached XP level 10. HP: 50/78 MP: 0/0
  6508 | D:7      | Found Poishe's Elemental Accessories.
  6643 | D:2      | Bought 2 metallic grey potions for 43 gold pieces
  6643 | D:2      | Bought a scroll labelled SESMOI DUCI for 24 gold pieces
  7080 | D:7      | Reached skill level 10 in Fighting
  7093 | D:7      | HP: 4/80 [orc warrior/+0 trident (11)]
  7391 | D:7      | Noticed a cyclops
  7400 | D:7      | Killed a cyclops
  7747 | D:7      | Found a runed translucent door.
  7748 | D:7      | Noticed Crazy Yiuf
  7754 | D:7      | Killed Crazy Yiuf
  7850 | D:8      | Reached ** piety under Makhleb
  7880 | D:8      | Reached skill level 11 in Fighting
  7880 | D:8      | Reached XP level 11. HP: 15/87 MP: 0/0
  7880 | D:8      | Learned a level 5 spell: Summon Forest
  7891 | D:8      | HP: 3/87 [gnoll bouda/+0 rapier (7)]
  8157 | D:8      | Found a broken altar of Ashenzari.
  8572 | D:8      | Identified the ring "Ruat" {rElec Str+6}
  8674 | D:8      | Identified the +9 whip "Hefiv" {holy, Dex+3}
  8778 | D:9      | Noticed Harold
  8794 | D:9      | Killed Harold
  8928 | D:9      | Noticed a red ugly thing
  8931 | D:9      | Noticed an eight-headed hydra
  8931 | D:9      | Noticed a cyclops
  9165 | D:9      | Killed an eight-headed hydra
  9166 | D:9      | Reached skill level 12 in Fighting
  9184 | D:9      | Killed a red ugly thing
  9300 | D:9      | Noticed a cyclops
  9310 | D:9      | Killed a cyclops
  9311 | D:9      | Reached skill level 10 in Spellcasting
  9459 | D:9      | Identified the +8 quarterstaff "Ifeugee" {flame, rN+ Str-2
                  | Dex+5 Stlth+}
  9519 | D:9      | Killed a cyclops
  9554 | D:9      | Noticed Prince Ribbit
  9557 | D:9      | Killed Prince Ribbit
  9655 | D:9      | Noticed a manticore
  9662 | D:9      | Reached *** piety under Makhleb
  9664 | D:9      | Killed a manticore
  9669 | D:9      | Reached XP level 12. HP: 32/96 MP: 0/0
 10147 | D:9      | Noticed a tengu warrior
 10155 | D:9      | Killed a tengu warrior
 10156 | D:9      | Reached skill level 13 in Fighting
 10520 | D:10     | Entered Level 10 of the Dungeon
 10541 | D:10     | Found a white marble altar of Elyvilon.
 10674 | D:10     | Found a staircase to the Lair.
 10991 | D:10     | Found an iron altar of Okawaru.
 11061 | D:10     | Found Naenah's Book Boutique.
 11071 | D:10     | Found Nirphesay's Distillery.
 11074 | D:10     | Bought 2 potions of curing for 66 gold pieces
 11074 | D:10     | Bought 3 potions of heal wounds for 165 gold pieces
 11346 | D:10     | Found Jionomom's Book Boutique.
 11510 | D:10     | Reached **** piety under Makhleb
 11825 | D:10     | Reached skill level 14 in Fighting
 11857 | D:10     | Found Seideov's Jewellery Shoppe.
 11981 | D:10     | Bought a potion of curing for 33 gold pieces
 12011 | D:11     | Noticed a boulder beetle
 12022 | D:11     | Killed a boulder beetle
 12666 | D:11     | Noticed a boulder beetle
 12683 | D:11     | Noticed Psyche
 12684 | D:11     | Killed Psyche
 12690 | D:11     | Killed a boulder beetle
 12691 | D:11     | Reached XP level 13. HP: 36/106 MP: 0/0
 12691 | D:11     | Learned a level 5 spell: Arcjolt
 13046 | D:11     | Noticed Snorg
 13065 | D:11     | Slain by Snorg

Illustrated notes

Levels and vault maps discovered:
D:1:      ncdulo_wetmaze, layout_basic, shapermc_ecumenical_altar_mp_vishouse
D:2:      layout_loops_ring, serial_shops, nicolae_shop_overgrown_old_shop,
          minmay_3d_cube
D:3:      layout_basic, led_sif_book
D:4:      layout_gridville, vehumet_altar_wand_db, fedhas_altar_4
D:5:      layout_basic, kennysheep_vampire_church, palyth_stone_intersect,
          uniq_menkaure
D:6:      layout_basic, cheibriados_altar_1, lemuel_coloured_pillars_altar,
          minmay_temple_entry_statues_fountains, uniq_pikel
D:7:      layout_basic, nicolae_elemental_shop, kennysheep_generic_room_6,
          uniq_crazy_yiuf_cottage
D:8:      layout_rooms, ashenzari_altar_1, kennysheep_opposing_triangles
D:9:      minmay_the_grid_octo_triangle [minmay_the_grid_octo_checkered,
          minmay_the_grid_octo_prize_square_snowflake, minmay_the_grid_octo_77],
          layout_basic, uniq_harold, uniq_prince_ribbit1
D:10:     layout_basic, elyvilon_altar_5, old_standard_altar,
          erik_lair_orcish_takeover, serial_shops, shop,
          nicolae_shop_tiny_real_fake_doors, nicolae_shop_hallway_plus,
          kennysheep_mini, minmay_variable_closet, laboratory
D:11:     layout_loops_corners, david_orc_5, uniq_snorg, uniq_psyche
Temple:   oiseaux_autumnal_temple

Skill      XL: |  1  2  3  4  5  6  7  8  9 10 11 12 |
---------------+-------------------------------------+-----
Fighting       | 1 2 3 4 5 7 9 11 12 14 | 14.4
Spellcasting   | 3 4 5 6 7 8 10 11 | 11.6
Dodging        | |  2.1
Stealth        | |  1.5

Action                     |  1- 3 |  4- 6 |  7- 9 | 10-12 | 13-15 || total
---------------------------+-------+-------+-------+-------+-------++-------
  Melee: Unarmed           |     1 |       |       |       |       ||     1
         Short sword       |       |       |       |     3 |       ||     3
         Whip              |       |       |       |     1 |       ||     1
   Cast: Foxfire           |    50 |    62 |    78 |   115 |       ||   305
         Scorch            |    13 |    31 |    26 |    60 |     2 ||   132
         Stone Arrow       |       |       |    44 |   146 |     2 ||   192
         Inner Flame       |       |       |     6 |    18 |       ||    24
         Animate Dead      |       |       |     1 |     9 |       ||    10
         Volatile Blastmot |       |       |       |     7 |     3 ||    10
         Summon Forest     |       |       |       |     8 |     1 ||     9
    Use: Scroll            |       |     8 |     5 |     5 |       ||    18
         Potion            |       |       |       |     7 |     3 ||    10
 Armour: Robe              |     1 |     5 |     8 |    22 |     2 ||    38
  Dodge: Dodged            |     3 |    10 |    26 |    58 |    17 ||   114
  Block: Other             |       |     5 |    14 |    32 |     5 ||    56
         Reflection        |       |       |     1 |     4 |       ||     5
